 Dungeon Crawl Stone Soup version 0.29-a0-997-gf6f7e2dfe7 (webtiles) character file.

Game seed: 7009668603372253373

2389 nicolae the Transmogrifier (level 9, -8/84 HPs)
             Began as an Octopode Transmuter on Aug 5, 2022.
             Was an Initiate of Gozag.
             Mangled by a warg (10 damage)
             ... on level 7 of the Dungeon.
             The game lasted 00:26:49 (8174 turns).

nicolae the Transmogrifier (Octopode Transmuter)    Turns: 8174, Time: 00:26:49

Health: -8/84      AC: 28    Str: 10    XL:     9   Next: 46%
Magic:  12/12      EV:  2    Int: 19    God:    Gozag
Gold:   407        SH:  0    Dex: 12    Spells: 2/12 levels left

rFire   . . .      SeeInvis .     - Unarmed
rCold   . . .      Faith    .   (no shield)
rNeg    . . .      Spirit   .   (helmet currently unavailable)
rPois   +          Reflect  .   p - amulet of regeneration
rElec   .          Harm     .   i - +4 ring of protection
rCorr   +          Rampage  .   r - ring of wizardry
Will    .....      NoTele   +   s - ring of resist corrosion
Stlth   +.........              (no ring)
HPRegen 1.04/turn               (no ring)
MPRegen 0.13/turn               (no ring)
                                (no ring)
                                (no ring)

@: tree-form
A: stationary, stasis, torment immunity, boosted hp, almost no armour,
(amphibious), 8 rings, (camouflage 1), (gelatinous body 1), (nimble swimmer 1),
(tentacles)
a: Renounce Religion, Potion Petition, Call Merchant, Bribe Branch


You were on level 7 of the Dungeon.
You worshipped Gozag.
Gozag was aware of your devotion.
You were a tree.
You visited 2 branches of the dungeon, and saw 9 of its levels.
You also visited: Ossuary.

You collected 923 gold pieces.
You spent 477 gold pieces at shops.
You paid 39 gold pieces to Gozag.

Inventory:

Missiles
 m - 28 poisoned darts
 o - 7 javelins
 q - a throwing net
Jewellery
 i - a +4 ring of protection (left branch)
 l - a ring of ice
 p - an amulet of regeneration (around neck)
 r - a ring of wizardry (right branch)
 s - a ring of resist corrosion (on tentacle)
Wands
 A - a wand of polymorph (4)
Scrolls
 b - a scroll of vulnerability
 d - a scroll of summoning {unknown}
 f - a scroll of butterflies {unknown}
 n - 2 scrolls of enchant armour
 t - a scroll of torment
 v - a scroll of fear {unknown}
 w - 3 scrolls of amnesia
 B - 2 scrolls of magic mapping
 C - a scroll of enchant weapon {unknown}
 D - a scroll of blinking {unknown}
Potions
 a - 2 potions of mutation
 c - 9 potions of curing
 g - a potion of might {unknown}
 h - a potion of berserk rage
 j - 2 potions of cancellation
 k - 2 potions of flight
 x - 2 potions of attraction
 z - a potion of invisibility {unknown}
 E - a potion of brilliance {unknown}
 F - a potion of ambrosia {unknown}
 G - 3 potions of haste {unknown}


   Skills:
 + Level 3.0 Fighting
 + Level 3.5 Dodging
 - Level 6.2 Unarmed Combat
 - Level 2.0 Spellcasting
 - Level 8.0 Transmutations
 - Level 5.0 Ice Magic
 - Level 5.0 Poison Magic


You had 2 spell levels left.
You knew the following spells:

 Your Spells              Type           Power      Damage    Failure   Level
a - Beastly Appendage     Tmut           64%        N/A       1%          1
b - Wereblood             Tmut           32%        N/A       1%          2
c - Spider Form           Tmut/Pois      26%        N/A       1%          3
d - Ice Form              Ice/Tmut       26%        N/A       4%          4

Your spell library contained the following spells:

 Spells                   Type           Power      Damage    Failure   Level
 Sting                    Tmut/Pois      100%       1d8       1%          1
 Passwall                 Tmut/Erth      14%        N/A       1%          2
 Poisonous Vapours        Pois/Air       22%        N/A       3%          2
 Magic Dart               Conj           4%         1d3       7%          1
 Sandblast                Erth           2%         2d4       7%          1
 Call Imp                 Summ           1%         N/A       11%         2
 Sublimation of Blood     Necr           1%         N/A       11%         2
 Mephitic Cloud           Conj/Pois/Air  8%         N/A       11%         3
 Petrify                  Tmut/Erth      17%        N/A       13%         4
 Stone Arrow              Conj/Erth      2%         3d7       21%         3
 Irradiate                Conj/Tmut      8%         3d14      32%         5
 Anguish                  Hex/Necr       0%         N/A       52%         4
 Dispel Undead            Necr           1%         3d6       52%         4
 Death Channel            Necr           0%         N/A       100%        6
 Enfeeble                 Hex            0%         N/A       100%        7
 Necromutation            Tmut/Necr      8%         N/A       100%        8
 Corpse Rot               Necr/Pois/Air  Unusable   N/A       N/A         4

Dungeon Overview and Level Annotations

Branches:
Dungeon (8/15)             Temple (1/1) D:6            Lair (0/5) D:8
Ossuary (visited)

Altars:
Ashenzari
Cheibriados
Dithmenos
Elyvilon
Fedhas
Gozag
Hepliaklqana
Nemelex Xobeh
Okawaru
Ru
Sif Muna
Trog
Uskayaw
Vehumet
Xom
The Shining One

Shops:
D:3 !*!


Innate Abilities, Weirdness & Mutations

You are a tree.
Your roots penetrate the ground, keeping you stationary.
You cannot be teleported.
You are immune to unholy pain and torment.
Your maximum health is greatly increased.
You cannot wear most types of armour.
((You are amphibious.))
You can wear up to eight rings at the same time.
((Your skin changes colour to match your surroundings (Stealth+).))
((Your rubbery body absorbs attacks. (AC +1, EV +1)))
((You are camouflaged when in or above water. (Stealth+)))
((You have tentacles for arms and can constrict up to eight enemies at once.))


Message History

The warg howls!
The bullfrog croaks.
The orc priest shouts!
The wight misses you. The wight attacks as you move away!
The wight closely misses you. The warg attacks as you move away!
The warg bites you!
The bullfrog snags a nearby baby bat with its tongue.
The warg bites something!
The warg barely misses you.
The orc wizard hits something with a +0 dagger.
The warg attacks as you move away! The warg bites you!
Aiming: Polymorph
Press: ? - help, Shift-Dir - straight line, f - warg
Aim: a warg (will become a tengu, a water moccasin, or a scorpion, chance to affect: 31%)
Okay, then.
You feel much better. The warg bites you! The warg attacks as you move away!
The warg bites you! The warg attacks as you move away!
The warg closely misses you. The warg bites you but does no damage.
The warg attacks as you move away! The warg bites you!
The warg closely misses you. The warg closely misses you.
There is a stone staircase leading up here.
The warg bites you! The warg barely misses you.
You climb upwards.
There is a stone staircase leading down here.
The warg attacks as you move away! The warg barely misses you.
The warg closely misses you. The warg bites you! x2
* * * LOW HITPOINT WARNING * * *
You are too injured to fight recklessly!
You feel better. The warg bites you!
* * * LOW HITPOINT WARNING * * *
The warg closely misses you.
Okay, then.
Okay, then.
Really quaff the potion of lignification?
Your tentacle spike disappears.
You turn into a tree.
Your roots penetrate the ground.
The warg bites you.
* * * LOW HITPOINT WARNING * * *
The warg bites you!
You die...
Your body crumbles into a pile of gold.

########### #.).......#
# #.#######.# #######.#
###.####### ##...##.#
#..h♣.....#
......#.#####.#h#####.#
..............#.# #.#
..........#####.# #.#
........#.....#.#
#.#######
##...##.#####.#.#
#.#.....# ##...##.#
##.#..# #.#.###.#
....###.###.###.##
#.#.# #.# .#.........##
##.# #...# #[#


You could see 2 wargs.

Vanquished Creatures
  A troll (D:7)
  Grinder (D:5)
  Sigmund (D:5)
  Edmund (D:5)
  A black bear (D:6)
  An orc warrior (D:7)
  An ice beast (D:5)
  A centaur (D:7)
  A phantom (D:4)
  A kobold brigand (D:7)
  2 bullfrogs (D:7)
  A necrophage (D:6)
  3 wights (D:7)
  2 howler monkeys (D:5)
  6 hounds
  3 jellies
  3 orc priests
  4 iguanas
  Terence (D:3)
  8 mummies (Ossuary)
  12 adders
  A shadow imp (D:7)
  2 white imps
  An ufetubus (D:6)
  A worm (D:3)
  A dart slug (D:2)
  6 orcs
  8 endoplasms
  6 giant cockroaches
  A gnoll zombie (Ossuary)
  8 goblins
  7 hobgoblins
  3 jackals (D:2)
  9 kobolds
  3 quokkas
  8 ball pythons
  3 bats
  2 frilled lizards
  3 hobgoblin zombies (Ossuary)
  4 kobold zombies (Ossuary)
  4 rats
  A butterfly (D:6)
137 creatures vanquished.

Vanquished Creatures (others)
  3 plants
3 creatures vanquished.

Grand Total: 140 creatures vanquished

Notes
Turn   | Place    | Note
-------+----------+-------------------------------------------
     0 | D:1      | nicolae the Octopode Transmuter began the quest for the
                  | Orb.
     0 | D:1      | Reached XP level 1. HP: 13/13 MP: 3/3
    84 | D:1      | Found a faded altar of an unknown god.
   399 | D:1      | Reached XP level 2. HP: 18/18 MP: 5/5
   402 | D:1      | Learned a level 2 spell: Wereblood
  1183 | D:2      | Reached skill level 3 in Transmutations
  1453 | D:2      | Reached XP level 3. HP: 22/23 MP: 2/6
  1744 | D:2      | Found a broken altar of Ashenzari.
  1757 | D:2      | Reached skill level 4 in Transmutations
  2159 | D:2      | Learned a level 3 spell: Spider Form
  2204 | D:3      | Reached XP level 4. HP: 25/28 MP: 5/7
  2318 | D:3      | Noticed Terence
  2329 | D:3      | Killed Terence
  3032 | D:3      | Got the Quarto of Fascination and Permutations
  3038 | D:3      | Found Mick's Distillery.
  3055 | D:3      | Found Oschaloj's Assorted Antiques.
  3063 | D:3      | Found Cemusah's Distillery.
  3066 | D:3      | You fall into a shaft and drop 1 floor!
  3090 | D:4      | Reached skill level 5 in Transmutations
  3090 | D:4      | Reached skill level 1 in Poison Magic
  3090 | D:4      | Reached XP level 5. HP: 32/33 MP: 3/8
  3621 | D:3      | Found a bloodstained altar of Trog.
  4186 | D:4      | Reached XP level 6. HP: 38/38 MP: 7/9
  4221 | D:4      | Reached skill level 5 in Poison Magic
  4515 | D:4      | Found an opulent altar of Gozag.
  4613 | D:4      | Became a worshipper of Gozag Ym Sagoz the Greedy
  4678 | D:3      | Bought a scroll of identify for 40 gold pieces
  4753 | D:4      | Found a broken altar of Ashenzari.
  4811 | D:5      | Entered Level 5 of the Dungeon
  4811 | D:5      | Noticed Edmund
  4869 | D:5      | Noticed an ice beast
  4872 | D:5      | Noticed Sigmund
  5108 | D:5      | Reached XP level 7. HP: 43/43 MP: 8/10
  5187 | D:3      | Bought an encrusted jade ring for 100 gold pieces
  5246 | D:5      | Noticed Grinder
  5248 | D:5      | Paralysed by Grinder for 3 turns
  5250 | D:5      | Killed Edmund
  5251 | D:5      | Reached skill level 5 in Unarmed Combat
  5253 | D:5      | Paralysed by Grinder for 2 turns
  5259 | D:5      | Killed Grinder
  5329 | D:5      | Learned a level 4 spell: Ice Form
  5393 | D:5      | Reached skill level 1 in Ice Magic
  5469 | D:5      | Reached XP level 8. HP: 48/48 MP: 6/11
  5535 | D:5      | Killed Sigmund
  5839 | D:6      | Reached skill level 5 in Ice Magic
  5878 | D:6      | Found a sand-covered staircase.
  5885 | D:6      | Found a blossoming altar of Fedhas.
  5893 | Ossuary  | Entered an ossuary
  6324 | D:6      | Reached skill level 6 in Transmutations
  6397 | D:6      | Found a staircase to the Ecumenical Temple.
  6691 | Temple   | Entered the Ecumenical Temple
  7125 | D:3      | Bought a potion of heal wounds for 65 gold pieces
  7125 | D:3      | Bought a potion of heal wounds for 65 gold pieces
  7125 | D:3      | Bought a potion of curing for 39 gold pieces
  7145 | D:3      | Bought a potion of curing for 42 gold pieces
  7145 | D:3      | Bought a potion of curing for 42 gold pieces
  7145 | D:3      | Bought a potion of curing for 42 gold pieces
  7145 | D:3      | Bought a potion of curing for 42 gold pieces
  7250 | D:7      | Reached skill level 7 in Transmutations
  7297 | D:7      | Reached XP level 9. HP: 42/53 MP: 12/12
  7385 | D:7      | Found an iron altar of Okawaru.
  7459 | D:7      | Noticed a troll
  7467 | D:7      | HP: 2/63 [troll (9)]
  7698 | D:7      | Reached skill level 8 in Transmutations
  7955 | D:7      | Killed a troll
  8153 | D:8      | Found a staircase to the Lair.
  8173 | D:7      | HP: 2/56 [warg (15)]
  8174 | D:7      | Mangled by a warg

Illustrated notes

Levels and vault maps discovered:
D:1:      elethiomel_arrival_fortress_basement, layout_basic,
          ebering_ecumenical_altar_abandoned, minmay_worlds_worst_comb
D:2:      layout_basic, basic_altar, minmay_misc_feat_chi
D:3:      layout_basic, trog_hazing_becter, serial_shops,
          nicolae_shop_overgrown_old_shop, nicolae_shop_behind_doors, shop,
          minmay_checkerbox, uniq_terence
D:4:      layout_loops_ring, lemuel_coloured_pillars_altar,
          mainiacjoe_overflow_cross_hatched
D:5:      layout_cave_pools, uniq_grinder, uniq_edmund, uniq_sigmund
D:6:      layout_basic, lemuel_crystal_altar, minmay_temple_entry_butterflies,
          nicolae_ossuary_entry_ruins, nicolae_concentric_dashed_squares_mild
D:7:      layout_loops_ring, okawaru_ov_weapons_minmay, grunt_ministairs_3
D:8:      layout_rooms, overflow_temple_1_default, erik_lair_orcish_takeover,
          enter_bailey_2, uniq_erica, uniq_maggie, uniq_psyche
Temple:   minmay_temple_curvy_loop

Skill      XL: |  1  2  3  4  5  6  7  8  9 |
---------------+----------------------------+-----
Transmutations | 3 4 5 7 8 |  8.0
Poison Magic   | 1 3 5 |  5.0
Unarmed Combat | 4 6 |  6.2
Ice Magic      | 2 5 |  5.0
Fighting       | 3 |  3.0
Dodging        | 3 |  3.5
Spellcasting   | |  2.0

Action                   |  1- 3 |  4- 6 |  7- 9 || total
-------------------------+-------+-------+-------++-------
Melee: Unarmed           |    53 |   111 |   173 ||   337
       Constrict         |    17 |    24 |    20 ||    61
       Tentacles         |    12 |    20 |    21 ||    53
       Kick              |    10 |    34 |    34 ||    78
       Punch             |       |     4 |     1 ||     5
Throw: Dart              |       |     1 |       ||     1
 Cast: Beastly Appendage |    22 |    27 |    13 ||    62
       Wereblood         |     1 |     2 |     5 ||     8
       Ice Form          |       |       |     8 ||     8
       Spider Form       |       |       |     2 ||     2
  Use: Scroll            |     2 |     4 |    10 ||    16
       Potion            |       |     1 |     8 ||     9
 Stab: Sleeping          |     4 |     4 |     2 ||    10
Armor: Skin              |     3 |    25 |    42 ||    70
Dodge: Dodged            |    23 |    64 |   111 ||   198

Table legend: (Time is in decaauts)
 A = Elapsed time spent in this place.
 B = Non-inter-level travel time spent in this place.
 C = Inter-level travel time spent in this place.
 D = Time resting spent in this place.
 E = Time spent auto-exploring this place.
 F = Levels seen in this place.
 G = Mean time per level.
                   A        B        C        D        E       F      G
               +--------+--------+--------+--------+--------+-----+--------+
         Total |   8169 |   7553 |    616 |   1706 |   4059 |  10 |  816.9 |
       Dungeon |   7728 |   7135 |    593 |   1706 |   3790 |   8 |  966.0 |
        Temple |    217 |    194 |     23 |      0 |    190 |   1 |  217.0 |
       Ossuary |    223 |    223 |      0 |      0 |     79 |   1 |  223.0 |
               +--------+--------+--------+--------+--------+-----+--------+

Top non-repeatable levels by time:
     D:3: 2037 daAuts
     D:1: 1167 daAuts
     D:2: 989 daAuts
     D:7: 918 daAuts
     D:6: 893 daAuts
     D:4: 883 daAuts
     D:5: 800 daAuts
 Ossuary: 223 daAuts
  Temple: 217 daAuts
     D:8: 39 daAuts
